 Dungeon Crawl Stone Soup version 0.28-b1-25-g9875b3fc8c (webtiles) character file.

Game seed: 797977499283520769

64 sanka the Magician (level 3, 0/20 HPs)
             Began as a Deep Elf Transmuter on Feb 7, 2022.
             Shot with a stone by a goblin (6 damage)
             ... on level 2 of the Dungeon.
             The game lasted 00:02:40 (2157 turns).

sanka the Magician (Deep Elf Transmuter)            Turns: 2157, Time: 00:02:40

Health: 0/20       AC:  5    Str:  7    XL:     3   Next: 91%
Magic:  9/10       EV: 13    Int: 19    God:
Gold:   43         SH:  0    Dex: 15    Spells: 6/10 levels left

rFire   . . .      SeeInvis .     - Unarmed
rCold   . . .      Faith    .   (no shield)
rNeg    . . .      Spirit   .   a - +0 robe
rPois   .          Reflect  .   (helmet currently unavailable)
rElec   .          Harm     .   (no cloak)
rCorr   .          Rampage  .   d - +2 pair of gloves
Will    .....                   (boots currently unavailable)
Stlth   +.........              (no amulet)
HPRegen 0.06/turn               (no ring)
MPRegen 0.12/turn               (no ring)

@: appendages
A: horns 2, talons 2
a: End Transformation


You were on level 2 of the Dungeon.
You had temporarily grown beastly horns and talons.
You visited 1 branch of the dungeon, and saw 2 of its levels.

You collected 43 gold pieces.

Inventory:

Armour
 a - a +0 robe (worn)
 d - a +2 pair of gloves (worn)
Jewellery
 e - a ring of flight
Scrolls
 b - a scroll of magic mapping {unknown}
 c - a scroll of noise {unknown}
 g - a scroll of holy word {unknown}
 h - a scroll of teleportation {unknown}
 j - a scroll of identify {unknown}
Potions
 f - a potion of degeneration {unknown}
 i - a potion of haste {unknown}


   Skills:
 - Level 1.2 Fighting
 - Level 3.2 Dodging
 - Level 2.4 Unarmed Combat
 - Level 4.0 Spellcasting
 + Level 2.8 Transmutations
 + Level 1.4 Poison Magic


You had 6 spell levels left.
You knew the following spells:

 Your Spells              Type           Power      Damage    Failure   Level
a - Beastly Appendage     Tmut           28%        N/A       4%          1
b - Spider Form           Tmut/Pois      11%        N/A       17%         3

Your spell library contained the following spells:

 Spells                   Type           Power      Damage    Failure   Level
 Wereblood                Tmut           14%        N/A       7%          2
 Ensorcelled Hibernation  Hex/Ice        6%         N/A       21%         2
 Ice Form                 Ice/Tmut       9%         N/A       61%         4
 Anguish                  Hex/Necr       1%         N/A       80%         4


Dungeon Overview and Level Annotations

Branches:
Dungeon (2/15)

Altars:

Annotations:
D:2 1 runed translucent door, Crazy Yiuf


Innate Abilities, Weirdness & Mutations

You have temporarily grown beastly horns and talons.


Message History

You hit the adder but do no damage.
The adder is severely wounded.
The adder completely misses you.
You hit the adder but do no damage. You claw the adder, but do no damage.
Your punch misses the adder.
The adder is severely wounded.
The adder bites you but does no damage.
You hit the adder.
You kill the adder!
Your transformation is almost over.
No target in view!
No target in view!
Unknown command.
You see here an adder corpse.
i - a coppery potion Your horns disappear.
Your talons disappear.
Found a long sword.
Found a stone staircase leading down.
j - a scroll labelled IQITHR GIFIG
There are no items here.
A kobold comes into view. It is wielding a +0 dagger.
The kobold shouts!
A kobold is nearby!
A goblin comes into view. It is wielding a +0 dagger.
The goblin shouts!
The goblin unwields a +0 dagger.
The goblin wields a +0 hunting sling.
The goblin shoots a stone.
The stone hits you.
The goblin shoots a stone.
The stone hits you.
You see here a +0 long sword.
You grow a pair of large bovine horns.
Your feet morph into talons.
The kobold closely misses you.
The goblin shoots a stone.
The stone hits you but does no damage.
You closely miss the kobold. You claw the kobold.
The kobold is severely wounded.
The kobold hits you but does no damage.
The goblin shoots a stone.
The stone hits you.
* * * LOW HITPOINT WARNING * * *
You are too injured to fight recklessly!
The goblin shoots a stone.
The stone hits you.
You die...

#.# # #.##.# # ###
#.##.#### # #.g ........#
# ## #.# #.##.##.# # #.#
#.# #.##.##.# # #.##.#
#.##.##.# #
##.###.#.######.##.##.# #
......>K@..........##.###
#.##..).######.......†..
#.#### #######.... ..
##### ##


You could see a goblin and a kobold.

Vanquished Creatures
  2 adders (D:2)
  4 endoplasms (D:1)
  4 giant cockroaches
  3 goblins
  4 hobgoblins
  3 jackals (D:1)
  5 kobolds
  2 quokkas
  5 ball pythons
  5 bats
  2 frilled lizards (D:1)
  4 rats
43 creatures vanquished.

Notes
Turn   | Place    | Note
-------+----------+-------------------------------------------
     0 | D:1      | sanka the Deep Elf Transmuter began the quest for the Orb.
     0 | D:1      | Reached XP level 1. HP: 11/11 MP: 6/6
   436 | D:1      | Reached skill level 4 in Spellcasting
   436 | D:1      | Reached XP level 2. HP: 11/16 MP: 9/9
   691 | D:1      | Reached skill level 1 in Fighting
   794 | D:1      | You fall into a shaft and drop 1 floor!
   853 | D:2      | Found a runed translucent door.
   854 | D:2      | Noticed Crazy Yiuf
  1006 | D:1      | Reached XP level 3. HP: 20/20 MP: 10/10
  1013 | D:1      | Learned a level 3 spell: Spider Form
  1770 | D:2      | Reached skill level 1 in Poison Magic
  2157 | D:2      | Shot with a stone by a goblin

Illustrated notes

Levels and vault maps discovered:
D:1:      lemuel_arrival_rhombus, layout_basic
D:2:      layout_loops_ring, minivault_25, minmay_close_crescents,
          uniq_crazy_yiuf_cottage

Skill      XL: |  1  2  3 |
---------------+----------+-----
Spellcasting   | 4 |  4.0
Fighting       | 1 |  1.2
Dodging        | 3 |  3.2
Poison Magic   | 1 |  1.4
Unarmed Combat | |  2.4
Transmutations | |  2.8

Action                   || total
-------------------------++-------
Melee: Unarmed           ||   128
       Kick              ||    30
       Headbutt          ||    17
 Cast: Beastly Appendage ||    28
       Spider Form       ||     1
 Stab: Sleeping          ||     3
Armor: Robe              ||    46
Dodge: Dodged            ||   111
